 Dungeon Crawl Stone Soup version 0.16-a0-2461-ge8ce426 (webtiles) character file.

14 PolkaDot the Caller (level 2, -2/21 HPs)
             Began as a Vampire Summoner on Nov 19, 2014.
             Slain by a giant gecko (4 damage)
             ... on level 2 of the Dungeon.
             The game lasted 00:02:28 (1767 turns).

PolkaDot the Caller (Vampire Summoner)              Turns: 1767, Time: 00:02:28

Health: -2/21      AC:  3    Str:  7    XL:     2   Next: 27%
Magic:  1/4        EV: 12    Int: 17    God:
Gold:   82         SH:  0    Dex: 14    Spells: 2 memorised, 2 levels left

rFire  . . .     SeeInvis +     j - +0 spear
rCold  . . .     Clarity  .     a - +0 robe
rNeg   + . .     SustAb   .     (no shield)
rPois  .         Gourm    .     i - +0 helmet
rElec  .         Spirit   .     (no cloak)
rCorr  .         Warding  .     (no gloves)
rMut   .         Stasis   .     (no boots)
MR     .....                    (no amulet)
Stlth  ++........               (no ring)
                                (no ring)

@: very slightly contaminated, not resistant to hostile enchantments, unstealthy
A: bottle blood, fangs 3, see invisible, unbreathing
a: no special abilities


You were on level 2 of the Dungeon.
You were not thirsty.

You visited 1 branch of the dungeon, and saw 2 of its levels.

You collected 82 gold pieces.

Inventory:

Hand weapons
 j - a +0 spear (weapon)
Armour
 a - a +0 robe (worn)
 i - a +0 helmet (worn)
Jewellery
 c - an uncursed ring of magical power {unknown}
Scrolls
 d - a scroll of teleportation {unknown}
Potions
 e - a potion of confusion {unknown}
 f - a potion of agility {unknown}
 g - a potion of restore abilities
 h - a potion of curing {unknown}
Books
 b - a book of Callings

   Spells                             Type                      Level
   *Summon Small Mammal               Summoning                    1
   *Call Imp                          Summoning                    2
   Call Canine Familiar               Summoning                    3
   Summon Guardian Golem              Hexes/Summoning              4
   Summon Lightning Spire             Summoning/Air                4
   Summon Ice Beast                   Ice/Summoning                4


   Skills:
 + Level 1.1 Fighting
 - Level 2.1 Dodging
 - Level 3.0 Stealth
 - Level 2.0 Spellcasting
 + Level 4.2 Summonings


You had 2 spell levels left.
You knew the following spells:

 Your Spells              Type           Power        Failure   Level  Hunger
a - Summon Small Mammal   Summ           ###.         3%          1    #......
s - Call Imp              Summ           ###.....     6%          2    ###....


Dungeon Overview and Level Annotations

Branches:
Dungeon (2/15)

Altars:
Dithmenos


Innate Abilities, Weirdness & Mutations

You can bottle blood from corpses.
You have razor-sharp teeth.
You have supernaturally acute eyesight.
You can survive without breathing.


Message History

You miscast Summon Small Mammal.
You are very lightly contaminated with residual magic.
Nothing appears to happen.
The giant gecko closely misses you. The giant gecko bites you.
* * * LOW HITPOINT WARNING * * *
The giant gecko bites your bat.
Your bat dies!
Your bat's corpse disappears in a puff of smoke!
The giant gecko misses you.
Casting: Summon Small Mammal
Confirm with . or Enter, or press ? or * to list all spells.
The giant gecko bites you.
* * * LOW HITPOINT WARNING * * *
The goblin hits your rat with a dagger.
Your rat dies!
Your rat's corpse disappears in a puff of smoke!
Drink which item? (? for menu, Esc to quit)
You feel refreshed.
It was a potion of restore abilities.
The giant gecko bites you.
You die...

##>.>....###.#..#.###
###............#......
####.........#.####.#..##
...............###..#..#
#...........##.......†.#####
..............##............
.#####.....##..###.....####.
............##...##.....##
..........#.....@........#
...≈≈≈.........##l..##......
...≈≈≈....####......###.###
...≈≈≈....# ###.g...# .#
...≈≈≈....# ###......<..
....8...... .........
.#.......# .##......#
###.(.. .?.##.....#
..._.#.....


You could see a giant gecko and a goblin.

Vanquished Creatures
  A giant gecko (D:1)
  3 bats
  A hobgoblin (D:2)
  A giant newt (D:1)
  2 goblins (D:1)
  3 rats (D:1)
11 creatures vanquished.

Vanquished Creatures (collateral kills)
  2 kobolds (D:1)
  An ooze (D:1)
  A rat (D:1)
4 creatures vanquished.

Vanquished Creatures (others)
  A bat (D:2)
  A rat (D:2)
2 creatures vanquished.

Grand Total: 17 creatures vanquished

Notes
Turn   | Place    | Note
--------------------------------------------------------------
     0 | D:1      | PolkaDot, the Vampire Summoner, began the quest for the Orb.
     0 | D:1      | Reached XP level 1. HP: 13/13 MP: 3/3
  1255 | D:1      | Reached skill level 1 in Fighting
  1255 | D:1      | Reached XP level 2. HP: 14/21 MP: 4/4
  1554 | D:1      | Learned a level 2 spell: Call Imp
  1756 | D:2      | Found a shadowy altar of Dithmenos.
  1767 | D:2      | Slain by a giant gecko

Action                   || total
-------------------------++-------
Melee: Unarmed           ||    83
       Spear             ||    11
 Cast: Summon Small Mamm ||    20
  Use: Potion            ||     2
 Stab: Sleeping          ||     3
  Eat: Corpse            ||     3
